AoeStats
← Zarko

Arabia

510417780Analyzed
1v1 RM · 2d ago on Sep 30, 2026· 69m 17s· 2 players
Game mode
Random Map
Map size
Tiny (2 player)
Population
200
Speed
Normal
Resources
Standard
Victory
Conquest
Starting age
Dark Age
Ending age
Imperial Age
RankedLock teamsTeams togetherTeam positionsShared explorationLock speedFull tech treeHidden civsTurbo modeCheats
Victory
Defeat
🇨🇴 Aztecs · Colombia
998
+16
🇧🇬 Bulgarians · Bulgaria
998
-16
Zarko
5:32 Loom
11:39 Feudal Age
13:22 Double-Bit Axe
13:20 Horse Collar
18:43 Fletching
22:00 Castle Age
23:19 Padded Archer Armor
23:50 Elite Skirmisher
24:33 Gold Mining
24:38 Stone Mining
26:56 Bodkin Arrow
27:44 Heavy Plow
28:33 Leather Archer Armor
31:29 Husbandry
32:56 Bow Saw
35:17 Bloodlines
35:15 Scale Barding Armor
35:52 Forging
37:08 Squires
37:16 Scale Mail Armor
38:02 Gold Shaft Mining
39:24 Stirrups
39:22 Gambesons
40:16 Iron Casting
44:07 Imperial Age
42:15 Ballistics
45:32 Bracer
47:04 Chemistry
46:25 Onager
49:30 Light Cavalry
51:47 Blast Furnace
51:10 Chain Barding Armor
54:47 Elite Konnik
62:24 Capped Ram
65:12 Siege Ram
Jerfer548
6:54 Loom
9:52 Feudal Age
11:53 Double-Bit Axe
16:28 Fletching
17:22 Padded Archer Armor
24:59 Castle Age
23:20 Horse Collar
24:38 Stone Mining
25:08 Crossbowman
25:45 Bodkin Arrow
26:21 Leather Archer Armor
30:41 Wheelbarrow
30:19 Bow Saw
30:10 Heavy Plow
32:53 Gold Mining
37:59 Imperial Age
35:35 Eagle Warrior
37:48 Squires
38:00 Forging
37:55 Scale Mail Armor
38:03 Arbalester
39:42 Hand Cart
40:05 Bracer
42:15 Ballistics
42:57 Chemistry
42:35 Iron Casting
43:26 Pikeman
44:53 Elite Eagle Warrior
49:49 Gambesons
49:50 Arson
51:07 Blast Furnace
50:23 Chain Mail Armor
50:06 Elite Skirmisher
52:27 Conscription
52:19 Atlatl
55:11 Plate Mail Armor
55:38 Arrowslits
55:51 Murder Holes
69:40 Town Watch
Connection lost

Rejoining the realm…

Still unreachable

The connection could not be restored.

Session expired

The server has moved on; the page needs a fresh start.